 Dungeon Crawl Stone Soup version 0.29-a0-364-g921d912d32 (webtiles) character file.

Game seed: 5189145467975062401

63 holysushi the Cutter (level 3, -3/30 HPs)
             Began as a Demonspawn Monk on May 1, 2022.
             Was a Priest of Cheibriados.
             Slain by a hobgoblin (5 damage)
             ... led by Robin
             ... on level 2 of the Dungeon.
             The game lasted 00:02:02 (2031 turns).

holysushi the Cutter (Demonspawn Monk)              Turns: 2031, Time: 00:02:03

Health: -3/30      AC:  3    Str: 19    XL:     3   Next: 87%
Magic:  3/3        EV: 13    Int: 19    God:    Cheibriados [***...]
Gold:   35         SH:  0    Dex: 25    Spells: 2/2 levels left

rFire   . . .      SeeInvis .   a - +0 short sword
rCold   . . .      Faith    .   (no shield)
rNeg    . . .      Spirit   .   b - +1 robe
rPois   .          Reflect  .   (no helmet)
rElec   .          Harm     .   (no cloak)
rCorr   .          Rampage  .   (no gloves)
Will    .....                   (no boots)
Stlth   +++.......              (no amulet)
HPRegen 0.10/turn               (no ring)
MPRegen 0.08/turn               (no ring)

@: very slow
A: demonic magic 1
a: Renounce Religion, Bend Time, Temporal Distortion


You were on level 2 of the Dungeon.
You worshipped Cheibriados.
Cheibriados was most pleased with you.
You visited 1 branch of the dungeon, and saw 2 of its levels.

You collected 35 gold pieces.

Inventory:

Hand Weapons
 a - a +0 short sword (weapon)
Armour
 b - a +1 robe (worn)
Scrolls
 e - a scroll of enchant armour
 g - 2 scrolls of enchant weapon {unknown}
 h - a scroll of blinking
Potions
 c - a potion of ambrosia
 d - 4 potions of curing
 f - a potion of invisibility
 i - 2 potions of heal wounds
 j - 2 potions of brilliance {unknown}


   Skills:
 + Level 3.6 Fighting
 * Level 3.9 Short Blades
 - Level 2.6 Dodging
 - Level 1.7 Stealth


You had 2 spell levels left.
You didn't know any spells.
Your spell library was empty.

Dungeon Overview and Level Annotations

Branches:
Dungeon (2/15)

Altars:
Cheibriados

Shops:
D:1 *


Innate Abilities, Weirdness & Mutations

Spells you cast may paralyse adjacent enemies.


Message History

The goblin hits you with a +0 dagger.
The frilled lizard hisses angrily.
You hit the goblin.
You kill the goblin!
Cheibriados appreciates the change of pace.
Robin throws the goblin at you! The goblin hits you with a +0 club.
You see here a +0 dagger.
You hit the goblin but do no damage. The goblin misses you.
You hit the goblin.
The goblin is severely wounded.
The goblin no longer looks unusually strong.
The goblin misses you. The hobgoblin hits you.
You are too injured to fight recklessly!
You are too injured to fight recklessly!
You are too injured to fight recklessly!
You hit Robin.
You kill Robin!
Cheibriados thoroughly appreciates the change of pace.
The goblin closely misses you.
Unknown command.
You hit the goblin but do no damage.
The goblin is severely wounded.
The goblin hits you with a +0 club.
* * * LOW HITPOINT WARNING * * *
The hobgoblin barely misses you.
Unknown command.
You hit the goblin but do no damage.
The goblin is severely wounded.
The goblin no longer looks unusually strong.
The goblin misses you. The goblin hits you with a +0 club.
* * * LOW HITPOINT WARNING * * *
The hobgoblin hits you.
* * * LOW HITPOINT WARNING * * *
You puncture the goblin!
You kill the goblin!
Cheibriados thoroughly appreciates the change of pace.
The hobgoblin closely misses you. The goblin misses you.
Unknown command.
You hit the hobgoblin but do no damage. The hobgoblin hits you.
You die...

#.# #.# #.# #.#
# ##.#####.. ...
.... #l#...
#g#.#.# #@g...#
#)##### #.# #.#
#.# #.##########
#.#........#
#.#.######.#
#.#.####<#.#####


You could see a hobgoblin (strong), a goblin and a frilled lizard.

Vanquished Creatures
  Robin (D:2)
  An adder (D:2)
  2 dart slugs (D:1)
  3 ball pythons
  5 bats
  2 endoplasms
  A giant cockroach (D:1)
  5 goblins
  6 hobgoblins
  2 quokkas (D:1)
  3 frilled lizards (D:2)
  4 kobolds (D:1)
  2 rats
37 creatures vanquished.

Notes
Turn   | Place    | Note
-------+----------+-------------------------------------------
     0 | D:1      | holysushi the Demonspawn Monk began the quest for the Orb.
     0 | D:1      | Reached XP level 1. HP: 18/18 MP: 1/1
   220 | D:1      | Gained mutation: Spells you cast may paralyse adjacent
                  | enemies. [demonic ancestry]
   220 | D:1      | Reached XP level 2. HP: 9/24 MP: 2/2
   454 | D:1      | Found a faded altar of an unknown god.
   466 | D:1      | Prayed at the altar of an unknown god.
   466 | D:1      | Became a worshipper of Cheibriados the Contemplative
   466 | D:1      | Reached * piety under Cheibriados
   466 | D:1      | Reached ** piety under Cheibriados
   540 | D:1      | Reached *** piety under Cheibriados
  1321 | D:1      | Found Duwketir's General Store.
  1326 | D:1      | Reached XP level 3. HP: 29/29 MP: 3/3
  2012 | D:2      | Noticed Robin
  2027 | D:2      | Killed Robin
  2031 | D:2      | Slain by a hobgoblin

Illustrated notes

Levels and vault maps discovered:
D:1:      amcnicky_arrival_wind_blow, layout_basic,
          shapermc_ecumenical_altar_mp_ritualfount, serial_shops, shop,
          minmay_pentomino_v2
D:2:      layout_basic, minmay_lizard_pond, uniq_robin

Skill      XL: |  1 |
---------------+----+-----
Short Blades   | 3 |  3.9
Fighting       | |  3.6
Dodging        | |  2.6
Stealth        | |  1.7

Action                   || total
-------------------------++-------
Melee: Short sword       ||   125
       Punch             ||     3
  Use: Scroll            ||     5
 Stab: Sleeping          ||     6
Armor: Robe              ||    35
Dodge: Dodged            ||   110

Table legend: (Time is in decaauts)
 A = Elapsed time spent in this place.
 B = Non-inter-level travel time spent in this place.
 C = Inter-level travel time spent in this place.
 D = Time resting spent in this place.
 E = Time spent auto-exploring this place.
 F = Levels seen in this place.
 G = Mean time per level.
                   A        B        C        D        E       F      G
               +--------+--------+--------+--------+--------+-----+--------+
         Total |   2660 |   2558 |    102 |    523 |   1652 |   2 | 1330.0 |
       Dungeon |   2660 |   2558 |    102 |    523 |   1652 |   2 | 1330.0 |
               +--------+--------+--------+--------+--------+-----+--------+

Top non-repeatable levels by time:
     D:1: 1906 daAuts
     D:2: 753 daAuts
